 Dungeon Crawl Stone Soup version 0.27-a0-92-g39ad13b146 (webtiles) character file.

Game seed: 16569206289989873074

93 kae the Ruffian (level 4, 0/36 HPs)
             Began as a Draconian Transmuter on Jan 15, 2021.
             Slain by an orc
             ... wielding a +0 whip
              (2 damage)
             ... on level 2 of the Dungeon.
             The game lasted 00:02:00 (2403 turns).

kae the Ruffian (Draconian Transmuter)              Turns: 2403, Time: 00:02:01

Health: 0/36       AC:  5    Str: 13    XL:     4   Next: 36%
Magic:  7/7        EV: 12    Int: 14    God:
Gold:   114        SH:  0    Dex: 11    Spells: 6/7 levels left

rFire    . . .     SeeInvis +     - Unarmed
rCold    . . .     Faith    .   (no shield)
rNeg     . . .     Spirit   .   (armour unavailable)
rPois    .         Reflect  .   (helmet restricted)
rElec    .         Harm     .   (no cloak)
rCorr    .         Rampage  .   (no gloves)
Will     .....                  (no boots)
Stlth    +.........             (no amulet)
HPRegen  0.12/turn              g - ring of see invisible
MPRegen  0.10/turn              (no ring)

@: mighty
A: unfitting armour, cold-blooded, AC +5
a: no special abilities


You were on level 2 of the Dungeon.
You visited 1 branch of the dungeon, and saw 3 of its levels.

You collected 114 gold pieces.

Inventory:

Jewellery
 g - a ring of see invisible (left hand)
Scrolls
 a - 2 scrolls of teleportation
 b - a scroll of fog
 d - 3 scrolls of remove curse
Potions
 c - 2 potions of curing
 e - a potion of cancellation
 j - a potion of mutation {unknown}


   Skills:
 + Level 2.0 Fighting
 + Level 2.2 Dodging
 * Level 4.0 Unarmed Combat
 + Level 2.3 Spellcasting
 + Level 2.5 Transmutations


You had 6 spell levels left.
You knew the following spells:

 Your Spells              Type           Power        Failure   Level
a - Beastly Appendage     Tmut           16%          9%          1

Your spell library contained the following spells:

 Spells                   Type           Power        Failure   Level
 Wereblood                Tmut           8%           12%         2
 Spider Form              Tmut/Pois      2%           38%         3
 Ice Form                 Ice/Tmut       5%           80%         4
 Blade Hands              Tmut           4%           92%         5


Dungeon Overview and Level Annotations

Branches:
Dungeon (3/15)

Altars:
Gozag


Innate Abilities, Weirdness & Mutations

Your plain brown scales are hard. (AC +5)
You cannot fit into any form of body armour.
You are cold-blooded and may be slowed by cold attacks.


Message History

You feel very mighty all of a sudden.
The orc wizard hits you with a +0 dagger.
* * * LOW HITPOINT WARNING * * *
The orc closely misses you. The orc barely misses you.
You hit the orc wizard. You tail-slap the orc wizard.
The orc wizard is almost dead.
The orc wizard casts a spell at you. You resist with some effort.
The orc hits you but does no damage. The orc barely misses you.
You closely miss the orc wizard.
The orc wizard is almost dead.
The orc wizard hits you with a +0 dagger.
* * * LOW HITPOINT WARNING * * *
The orc hits you with a +0 hand axe.
* * * LOW HITPOINT WARNING * * *
The orc closely misses you.
You hit the orc wizard.
You kill the orc wizard!
The orc closely misses you. The orc hits you with a +0 whip.
You die...

############ #..........#
#..........# #.........o#
#........)@# #.........o###
#............###########
#...............(......#
#..........###......#..####
#..........# ##............
##############..#.......##.
#.........#..#....
#...#.#.........##


You could see 2 orcs.

Vanquished Creatures
  An orc wizard (D:2)
  3 adders
  2 gnolls
  A worm (D:2)
  A ball python (D:1)
  3 giant cockroaches
  11 goblins
  8 hobgoblins
  3 kobolds
  5 bats
  3 frilled lizards
  2 rats (D:1)
43 creatures vanquished.

Vanquished Creatures (others)
  2 plants (D:2)
2 creatures vanquished.

Grand Total: 45 creatures vanquished

Notes
Turn   | Place    | Note
-------+----------+-------------------------------------------
     0 | D:1      | kae the Draconian Transmuter began the quest for the Orb.
     0 | D:1      | Reached XP level 1. HP: 16/16 MP: 3/3
   253 | D:1      | Reached XP level 2. HP: 23/23 MP: 5/5
   999 | D:2      | Reached XP level 3. HP: 13/29 MP: 6/6
  1848 | D:2      | Found an opulent altar of Gozag.
  1912 | D:3      | Reached XP level 4. HP: 29/36 MP: 5/7
  1978 | D:3      | Noticed a centaur
  2101 | D:3      | Reached skill level 4 in Unarmed Combat
  2403 | D:2      | Slain by an orc

Illustrated notes

Levels and vault maps discovered:
D:1:      lemuel_arrival_hallway, layout_basic, interstate_on_off,
          palyth_stone_intersect
D:2:      layout_rooms, general_overflow_altar, corexii_shack
D:3:      layout_rooms

Skill      XL: |  1  2  3  4 |
---------------+-------------+-----
Dodging        | 2 |  2.2
Fighting       | 2 |  2.0
Unarmed Combat | 4 |  4.0
Spellcasting   | |  2.3
Transmutations | |  2.5

Action                   |  1- 3 |  4- 6 || total
-------------------------+-------+-------++-------
Melee: Unarmed           |    87 |    21 ||   108
       Kick              |    15 |     1 ||    16
       Headbutt          |     5 |       ||     5
       Tailslap          |     9 |     2 ||    11
       Punch             |     1 |       ||     1
 Cast: Beastly Appendage |    26 |     1 ||    27
  Use: Scroll            |     4 |     5 ||     9
       Potion            |       |     1 ||     1
Armor: Skin              |    26 |     5 ||    31
Dodge: Dodged            |    68 |    22 ||    90

Table legend: (Time is in decaauts)
 A = Elapsed time spent in this place.
 B = Non-inter-level travel time spent in this place.
 C = Inter-level travel time spent in this place.
 D = Time resting spent in this place.
 E = Time spent auto-exploring this place.
 F = Levels seen in this place.
 G = Mean time per level.
                   A        B        C        D        E       F      G
               +--------+--------+--------+--------+--------+-----+--------+
         Total |   2398 |   2334 |     64 |    316 |   1696 |   3 |  799.3 |
       Dungeon |   2398 |   2334 |     64 |    316 |   1696 |   3 |  799.3 |
               +--------+--------+--------+--------+--------+-----+--------+

Top non-repeatable levels by time:
     D:2: 1448 daAuts
     D:1: 853 daAuts
     D:3: 97 daAuts
